 Dungeon Crawl Stone Soup version 0.28.0 (webtiles) character file.

Game seed: 15062646829690764751

133 dolemite99 the Cudgeller (level 5, -4/32 HPs)
             Began as a Gargoyle Fighter on Feb 5, 2022.
             Was an Initiate of Gozag.
             Slain by an iguana (6 damage)
             ... on level 4 of the Dungeon.
             The game lasted 00:02:06 (2940 turns).

dolemite99 the Cudgeller (Gargoyle Fighter)         Turns: 2940, Time: 00:02:06

Health: -4/32      AC: 10    Str: 22    XL:     5   Next: 16%
Magic:  0/5        EV:  9    Int: 11    God:    Gozag
Gold:   69         SH:  4    Dex: 12    Spells: 4/4 levels left

rFire   . . .      SeeInvis .   a - +0 flail
rCold   . . .      Faith    .   c - +0 buckler
rNeg    + . .      Spirit   +   b - +0 scale mail
rPois   ∞          Reflect  .   (no helmet)
rElec   +          Harm     .   (no cloak)
rCorr   .          Rampage  .   (no gloves)
Will    +....                   (no boots)
Stlth   ..........              j - amulet of guardian spirit
HPRegen 0.10/turn               g - ring "Masmoj" {Will+ Int+3 Dex+3}
MPRegen 0.09/turn               (no ring)

@: flying, studying Short Blades
A: sickness immunity, AC +4, negative energy resistance 1, electricity
resistance, torment resistance 1, petrification resistance
a: Renounce Religion, Potion Petition, Call Merchant, Bribe Branch


You were on level 4 of the Dungeon.
You worshipped Gozag.
Gozag was noncommittal.
You visited 1 branch of the dungeon, and saw 4 of its levels.

You collected 106 gold pieces.
You paid 37 gold pieces to Gozag.

Inventory:

Hand Weapons
 a - a +0 flail (weapon)
 l - a +0 hunting sling
Missiles
 k - 32 stones (quivered)
Armour
 b - a +0 scale mail (worn)
 c - a +0 buckler (worn)
Jewellery
 g - the ring "Masmoj" (left hand) {Will+ Int+3 Dex+3}
   (You found it on level 2 of the Dungeon)

   [ring of willpower]

   Int:       It affects your intelligence (+3).
   Dex:       It affects your dexterity (+3).
   Will:      It increases your willpower.
 j - an amulet of guardian spirit (around neck)
Wands
 i - a wand of polymorph (10)
Scrolls
 f - a scroll of fog {unknown}
 h - 4 scrolls of identify {unknown}
 m - 2 scrolls of teleportation {unknown}


   Skills:
 - Level 3.2 Fighting
 + Level 5.2 Maces & Flails
 - Level 3.2 Armour
 - Level 3.2 Shields


You had 4 spell levels left.
You didn't know any spells.
Your spell library was empty.

Dungeon Overview and Level Annotations

Branches:
Dungeon (4/15)
 Temple: D:4-7

Altars:
Gozag


Innate Abilities, Weirdness & Mutations

You are immune to sickness and miasma.
Your stone body is resilient. (AC +4)
You are immune to poison.
You resist negative energy. (rN+)
You are resistant to electric shocks. (rElec)
You are resistant to unholy torment.
You are immune to petrification.


Message History

Found a scroll labelled AWOSAMN QIONO.
There is an opulent altar of Gozag here.
You kneel at the altar of Gozag.
Gozag welcomes you!
You pay a service fee of 37 gold.
HP restored.
m - 2 scrolls labelled TIWKAU XANOPT (gained 1)
An iguana comes into view.
Found a grey potion.
The iguana hisses angrily.
The iguana bites you.
You hit the iguana.
The iguana is lightly wounded.
You block the iguana's attack.
You hit the iguana.
The iguana is moderately wounded.
The iguana bites you!
You barely miss the iguana.
The iguana is moderately wounded.
The iguana bites you!
You are too injured to fight recklessly!
You are too injured to fight recklessly!
You hit the iguana.
The iguana is moderately wounded.
The iguana bites you.
* * * LOW HITPOINT WARNING * * *
You barely miss the iguana.
The iguana is moderately wounded.
The iguana bites you.
* * * LOW HITPOINT WARNING * * *
The iguana bites you but does no damage.
It was a potion of flight.
You feel very buoyant.
You fly up into the air.
The iguana bites you.
* * * LOW HITPOINT WARNING * * *
You hit the iguana.
The iguana is severely wounded.
The iguana bites you!
You die...
Your body crumbles into a pile of gold.

#.... ....#..#
#.........#....
#.........# ..#
#..!......#...!
....#....#.#.##
#.......+.... #.
#.?.l...# #.## .. #..@.#
##..###.###
###....#####..........
.................##...#
..................# .#
...........≈≈≈....##
..........≈≈≈≈≈....#
..........≈≈_≈§..#.#
#####......≈≈.≈≈..#.#
#####...#.....§≈§.≈≈..#..


You could see an iguana.

Vanquished Creatures
  A hound (D:4)
  An orc wizard (D:4)
  A gnoll (D:1)
  An adder (D:2)
  An adder skeleton (D:4)
  A worm (D:2)
  An orc (D:4)
  6 ball pythons
  2 bats (D:1)
  2 endoplasms (D:1)
  2 giant cockroaches (D:1)
  6 hobgoblins
  2 jackals (D:2)
  9 kobolds
  6 quokkas
  3 goblins
  5 rats
50 creatures vanquished.

Vanquished Creatures (others)
  9 plants (D:3)
9 creatures vanquished.

Grand Total: 59 creatures vanquished

Notes
Turn   | Place    | Note
-------+----------+-------------------------------------------
     0 | D:1      | dolemite99 the Gargoyle Fighter began the quest for the
                  | Orb.
     0 | D:1      | Reached XP level 1. HP: 14/14 MP: 1/1
   317 | D:1      | Reached skill level 3 in Maces & Flails
   317 | D:1      | Reached XP level 2. HP: 10/19 MP: 2/2
   922 | D:1      | Reached XP level 3. HP: 18/23 MP: 3/3
  1407 | D:2      | Reached skill level 4 in Maces & Flails
  1435 | D:2      | Identified the ring "Masmoj" {Will+ Int+3 Dex+3}
  1635 | D:2      | Reached XP level 4. HP: 19/28 MP: 4/4
  2308 | D:3      | You fall into a shaft and drop 1 floor!
  2861 | D:4      | Found an opulent altar of Gozag.
  2877 | D:4      | Reached skill level 5 in Maces & Flails
  2877 | D:4      | Reached XP level 5. HP: 29/32 MP: 3/5
  2899 | D:4      | Became a worshipper of Gozag Ym Sagoz the Greedy
  2940 | D:4      | Slain by an iguana

Illustrated notes

Levels and vault maps discovered:
D:1:      arrival_zaba_pyramid, layout_basic, minivault_24
D:2:      layout_loops_cross
D:3:      layout_rooms, mainiacjoe_overflow_chevrons, nicolae_grassy_gnolls,
          uniq_pargi, uniq_grinder
D:4:      layout_basic, mainiacjoe_overflow_alcove_4,
          mainiacjoe_overflow_catwalk, nrook_loot_triangle

Skill      XL: |  1  2  3  4 |
---------------+-------------+-----
Maces & Flails | 3 4 5 |  5.2
Fighting       | |  3.2
Armour         | |  3.2
Shields        | |  3.2

Action                   |  1- 3 |  4- 6 || total
-------------------------+-------+-------++-------
Melee: Flail             |   112 |    81 ||   193
Throw: Stone             |       |     4 ||     4
  Use: Potion            |       |     2 ||     2
Armor: Scale mail        |    64 |    62 ||   126
Dodge: Dodged            |    52 |    51 ||   103
Block: Buckler           |    24 |    18 ||    42
